 Dungeon Crawl Stone Soup version 0.29-a0-837-g174bc33265 (webtiles) character file.

Game seed: 6379062591960355504

22 Bnni the Slasher (level 2, -1/23 HPs)
             Began as a Demonspawn Gladiator on July 13, 2022.
             Was a Follower of Ru.
             Slain by a goblin
             ... wielding a +2 dagger of speed
             ... led by Robin
              (8 damage)
             ... on level 2 of the Dungeon.
             The game lasted 00:01:44 (1175 turns).

Bnni the Slasher (Demonspawn Gladiator)             Turns: 1175, Time: 00:01:45

Health: -1/23      AC:  4    Str: 14    XL:     2   Next: 68%
Magic:  2/2        EV: 12    Int:  9    God:    Ru [*.....]
Gold:   68         SH:  0    Dex: 14    Spells: 1/1 levels left

rFire   . . .      SeeInvis .   g - +6 mace
rCold   . . .      Faith    .   (no shield)
rNeg    . . .      Spirit   .   b - +0 leather armour
rPois   .          Reflect  .   c - +0 helmet
rElec   .          Harm     .   (no cloak)
rCorr   .          Rampage  .   (no gloves)
Will    .....                   (no boots)
Stlth   +.........              (no amulet)
HPRegen 0.07/turn               (no ring)
MPRegen 0.08/turn               (no ring)

@: no status effects
A: foul stench 1, missing an eye
a: Renounce Religion


You were on level 2 of the Dungeon.
You worshipped Ru.
Ru was aware of your devotion.
You visited 1 branch of the dungeon, and saw 2 of its levels.

You collected 68 gold pieces.

Inventory:

Hand Weapons
 a - a +0 long sword
 g - a +6 mace (weapon)
Missiles
 d - 3 throwing nets (quivered)
 e - a javelin
Armour
 b - a +0 leather armour (worn)
 c - a +0 helmet (worn)
Jewellery
 m - an amulet of reflection
 n - a +6 ring of strength
Scrolls
 f - a scroll of torment {unknown}
 h - a scroll of identify {unknown}
 j - a scroll of fear {unknown}
 k - 2 scrolls of teleportation {unknown}
 l - a scroll of magic mapping {unknown}
 p - a scroll of immolation {unknown}
Potions
 i - a potion of invisibility {unknown}
 o - a potion of attraction {unknown}


   Skills:
 + Level 2.4 Fighting
 * Level 3.3 Long Blades
 - Level 1.7 Throwing
 - Level 2.6 Dodging


You had one spell level left.
You didn't know any spells.
Your spell library was empty.

Dungeon Overview and Level Annotations

Branches:
Dungeon (2/15)

Altars:
Ru

Annotations:
D:2 Robin


Innate Abilities, Weirdness & Mutations

You may rarely emit foul miasma when damaged in melee.
You are missing an eye, making it more difficult to aim.


Message History

A goblin comes into view. It is wielding a +0 dagger.
The goblin moves out of view.
You miss the goblin.
The goblin shouts!
A quokka comes into view.
Robin roars a battlecry!
The goblins go into a battle-frenzy!
The goblin hits you with a +0 club.
A hobgoblin comes into view.
The quokka moves out of view.
The hobgoblin shouts!
You sock the goblin!
You kill the goblin!
The goblin completely misses you.
You thump the goblin!
You kill the goblin!
Robin roars a battlecry!
You hear a shout!
You miss the goblin. The goblin barely misses you.
The goblin closely misses you.
You closely miss the goblin. The goblin hits you with a +0 club.
You emit a cloud of foul miasma!
Robin points. "Kill!"
Unknown command.
You barely miss the goblin.
The goblin is engulfed in dark miasma.
The goblin is poisoned.
The goblin seems to slow down.
The goblin misses you.
You sock the goblin!
You kill the goblin!
A goblin and a dart slug come into view.
The goblin shouts!
The goblin hits you with a +2 dagger of speed.
A hobgoblin comes into view.
The goblin hits you with a +0 club.
Items here: ))) ††.
You barely miss the goblin.
The goblin no longer looks unusually strong.
The goblin hits you with a +2 dagger of speed.
The goblin closely misses you.
The goblin hits you with a +2 dagger of speed!
You die...

... #.#####......### #####
#.###.# #......'.# #...#
#.....# #......#.# #...#
#.....#####......#.###...#
#..........#######...'...#
#....#####.# #####...#
#....### #.# #...#
##......###.###########...#
............@g.......>..'...#
#########.###g###########...#
#.#


gg. #...# #.# g### ####. #.# g. #. ..# .# #. ..# w. #. #.# .. #. .. You could
see a dart slug, a hobgoblin (strong) and 5 goblins.

Vanquished Creatures
  A dart slug (D:1)
  An endoplasm (D:1)
  3 goblins (D:2)
  5 hobgoblins
  2 kobolds (D:1)
  2 ball pythons
  3 rats
17 creatures vanquished.

Notes
Turn   | Place    | Note
-------+----------+-------------------------------------------
     0 | D:1      | Bnni the Demonspawn Gladiator began the quest for the Orb.
     0 | D:1      | Reached XP level 1. HP: 16/16 MP: 1/1
   212 | D:1      | Reached skill level 3 in Long Blades
   415 | D:1      | Gained mutation: You may rarely emit foul miasma when
                  | damaged in melee. [demonic ancestry]
   415 | D:1      | Reached XP level 2. HP: 22/22 MP: 2/2
  1079 | D:2      | Found a faded altar of an unknown god.
  1090 | D:2      | Prayed at the altar of an unknown god.
  1090 | D:2      | Became a worshipper of Ru the Awakened
  1098 | D:2      | Gained mutation: You are missing an eye, making it more
                  | difficult to aim. [Ru sacrifice]
  1098 | D:2      | Reached * piety under Ru
  1165 | D:2      | Noticed Robin
  1175 | D:2      | Slain by a goblin

Illustrated notes

Levels and vault maps discovered:
D:1:      amcnicky_arrival_gap_in_the_tavern_cellar, layout_basic,
          amcnicky_mini_corridor_feature, roderic_roman_lattice
D:2:      layout_basic, ebering_ecumenical_altar_ruins, uniq_robin

Skill      XL: |  1 |
---------------+----+-----
Long Blades    | 3 |  3.3
Fighting       | |  2.4
Throwing       | |  1.7
Dodging        | |  2.6

Action                   || total
-------------------------++-------
Melee: Long sword        ||    26
       Mace              ||    15
       Punch             ||     1
Invok: Sacrifice an Eye  ||     1
Armor: Leather armour    ||     4
Dodge: Dodged            ||    25

Table legend: (Time is in decaauts)
 A = Elapsed time spent in this place.
 B = Non-inter-level travel time spent in this place.
 C = Inter-level travel time spent in this place.
 D = Time resting spent in this place.
 E = Time spent auto-exploring this place.
 F = Levels seen in this place.
 G = Mean time per level.
                   A        B        C        D        E       F      G
               +--------+--------+--------+--------+--------+-----+--------+
         Total |   1186 |   1183 |      3 |    303 |    759 |   2 |  593.0 |
       Dungeon |   1186 |   1183 |      3 |    303 |    759 |   2 |  593.0 |
               +--------+--------+--------+--------+--------+-----+--------+

Top non-repeatable levels by time:
     D:1: 1085 daAuts
     D:2: 100 daAuts
